 Dungeon Crawl Stone Soup version 0.31.0-11-ge490571c62 (webtiles) character file.

Game seed: 4688624497886360415

101 Arcadio the Twirler (level 4, 0/28 HPs)
             Began as a Gargoyle Gladiator on Feb 1, 2024.
             Slain by a goblin
             ... wielding a +0 dagger
             ... led by Robin
              (3 damage)
             ... on level 2 of the Dungeon.
             The game lasted 00:01:56 (1155 turns).

Arcadio the Twirler (Gargoyle Gladiator)            Turns: 1155, Time: 00:01:57

Health: 0/28       AC:  8    Str: 20    XL:     4   Next: 75%
Magic:  4/4        EV: 12    Int:  8    God:
Gold:   73         SH:  0    Dex: 11    Spells: 3/3 levels left

rFire   . . .        l - +2 whip (flame)
rCold   . . .        (no shield)
rNeg    + . .        b - +0 leather armour
rPois   ∞            c - +0 helmet
rElec   +            (no cloak)
rCorr   .            (no gloves)
SInv    .            (no boots)
Will    .....        (no amulet)
Stlth   +            (no ring)
HPRegen 0.24/turn    (no ring)
MPRegen 0.09/turn

%: no passive effects
@: no status effects
A: sickness immunity, AC +3, negative energy resistance 1, electricity
resistance, torment resistance 1, petrification resistance
a: no special abilities


You were on level 2 of the Dungeon.
You visited 1 branch of the dungeon, and saw 2 of its levels.

You collected 73 gold pieces.

Inventory:

Hand Weapons
 a - a +0 quarterstaff
 l - a +2 whip of flaming (weapon)
Missiles
 d - 3 throwing nets (quivered)
 e - a javelin
Armour
 b - a +0 leather armour (worn)
 c - a +0 helmet (worn)
Scrolls
 f - 2 scrolls of torment {unknown}
 g - 3 scrolls of identify {unknown}
 j - a scroll of vulnerability {unknown}
 k - a scroll of acquirement {unknown}
Potions
 h - a potion of invisibility {unknown}
 i - 3 potions of curing {unknown}
 m - a potion of heal wounds {unknown}


   Skills:
 + Level 3.5 Fighting
 + Level 0.6(2.4) Maces & Flails
 - Level 3.7(3.8) Staves
 - Level 1.7 Throwing
 + Level 2.4 Armour
 - Level 2.4 Dodging


You had 3 spell levels left.
You didn't know any spells.
Your spell library contained the following spells:

 Spells                   Type           Power      Damage    Failure   Level
 Summon Ice Beast         Ice/Summ       0%         N/A       83%         3
 Summon Mana Viper        Hex/Summ       0%         N/A       100%        5
 Monstrous Menagerie      Summ           0%         N/A       100%        7


Dungeon Overview and Level Annotations

Branches:
Dungeon (2/15)

Altars:


Innate Abilities, Weirdness & Mutations

You are immune to sickness and miasma.
Your stone body is resilient. (AC +3)
You are immune to poison.
You resist negative energy. (rN+)
You are resistant to electric shocks. (rElec)
You are resistant to unholy torment.
You are immune to petrification.


Message History

Robin throws the goblin at you!
You barely miss the goblin. The goblin hits you with a +0 dagger.
The goblin hits you but does no damage.
You whack the goblin! You burn the goblin.
You kill the goblin!
The goblin no longer looks unusually strong.
The goblin closely misses you.
You closely miss the hobgoblin. The goblin hits you with a +0 dagger.
The hobgoblin hits you.
Robin roars a battlecry!
The goblins go into a battle-frenzy!
You hit the hobgoblin. You burn the hobgoblin.
You kill the hobgoblin!
The goblin hits you but does no damage.
You hit the goblin. You burn the goblin.
The goblin is heavily wounded.
The goblin hits you with a +0 club. The goblin hits you but does no damage.
You hit the goblin. You burn the goblin.
You kill the goblin!
The goblin barely misses you.
You barely miss Robin. The goblin hits you but does no damage.
Robin hits you but does no damage.
You hit Robin but do no damage. You punch Robin.
Robin is lightly wounded.
The goblin hits you but does no damage. Robin hits you with a +0 short sword.
You closely miss Robin.
Robin is lightly wounded.
The goblin hits you but does no damage. Robin hits you with a +0 short sword.
You whack Robin! You burn Robin.
Robin is severely wounded.
The goblin hits you but does no damage. Robin hits you but does no damage.
You hit Robin. You burn Robin.
You kill Robin!
The goblin hits you with a +0 dagger.
* * * LOW HITPOINT WARNING * * *
The goblin attacks as it pursues you! The goblin hits you but does no damage.
Items here: ))))) [[ ††.
A goblin is nearby!
You closely miss the goblin. The goblin hits you with a +0 dagger.
You die...

.....##########........#
.....'.................#
.....###...............###.##
.....# #............!.)g.....
....## #.............g.......
###.# #...........g...####.#
#.# #...............#
#.####.........##....#
#.#........###@##....#
#.#....###.# #g#######
#.#....#...# #)# #.#....#.###
#.# ###.#....#.# #..
....#<.....# ####
....#....#.# >....)...#.#
....#....#.#


You could see a goblin (strong).

Vanquished Creatures
  Robin (D:2)
  4 gnolls
  A dart slug (D:1)
  5 endoplasms
  A giant cockroach (D:1)
  12 goblins
  4 hobgoblins
  2 jackals (D:1)
  3 quokkas (D:1)
  2 ball pythons (D:1)
  A bat (D:1)
  3 frilled lizards (D:1)
  5 kobolds
  A rat (D:1)
45 creatures vanquished.

Notes
Turn   | Place    | Note
-------+----------+-------------------------------------------
     0 | D:1      | Arcadio the Gargoyle Gladiator began the quest for the Orb.
     0 | D:1      | Reached XP level 1. HP: 12/12 MP: 1/1
     3 | D:1      | Noticed an electric eel
     4 | D:1      | Noticed an electric eel
    95 | D:1      | Reached XP level 2. HP: 12/18 MP: 2/2
   196 | D:1      | Reached skill level 1 in Armour
   409 | D:1      | Reached XP level 3. HP: 22/22 MP: 3/3
   685 | D:1      | Found a faded altar of an unknown god.
   965 | D:2      | Reached XP level 4. HP: 25/28 MP: 4/4
  1115 | D:2      | Noticed Robin
  1153 | D:2      | Killed Robin
  1155 | D:2      | Slain by a goblin

Illustrated notes

Levels and vault maps discovered:
D:1:      arrival_aquarium_b, layout_loops_ring,
          shapermc_ecumenical_altar_flowoftime
D:2:      layout_basic, minmay_3d_cube, uniq_robin

Skill      XL: |  1  2  3 |
---------------+----------+-----
Armour         | 1 2 |  2.4
Fighting       | 3 |  3.5
Maces & Flails | |  0.6
Staves         | |  3.7
Throwing       | |  1.7
Dodging        | |  2.4

Action                     |  1- 3 |  4- 6 || total
---------------------------+-------+-------++-------
  Melee: Quarterstaff      |    90 |     3 ||    93
         Whip              |       |    41 ||    41
         Punch             |       |     1 ||     1
 Armour: Leather armour    |    69 |    44 ||   113
  Dodge: Dodged            |    71 |    20 ||    91
